 Dungeon Crawl Stone Soup version 0.31-a0-1547-g618ab1f346 (webtiles) character file.

Game seed: 688710197666250503

18 jt the Poker (level 2, -2/16 (20) HPs)
             Began as a Minotaur Alchemist on Jan 2, 2024.
             Killed from afar by Natasha (7 damage)
             ... with a magic dart
             ... on level 2 of the Dungeon.
             The game lasted 00:01:36 (878 turns).

jt the Poker (Minotaur Alchemist)                    Turns: 878, Time: 00:01:37

HP:   -2/16 (20)    AC:  2    Str: 12    XL:     2   Next: 48%
MP:   3/3           EV: 12    Int: 12    God:
Gold: 47            SH:  0    Dex: 10    Spells: 2/3 levels left

rFire   . . .        d - +1 spear (heavy)
rCold   . . .        (no shield)
rNeg    . . .        a - +0 robe
rPois   .            (helmet restricted)
rElec   .            (no cloak)
rCorr   .            (no gloves)
SInv    .            (no boots)
Will    .....        (no amulet)
Stlth   ++           (no ring)
HPRegen 0.22/turn    (no ring)
MPRegen 0.08/turn

%: no passive effects
@: slowed, heavily drained, very slow
A: horns 2, retaliatory headbutt
a: no special abilities


You were on level 2 of the Dungeon.
You visited 1 branch of the dungeon, and saw 2 of its levels.

You collected 47 gold pieces.

Inventory:

Hand Weapons
 c - a +0 mace
 d - a +1 heavy spear (weapon)
 h - a +0 sling
Missiles
 j - 19 stones
Armour
 a - a +0 robe (worn)
Magical Staves
 l - a staff of death
Scrolls
 f - a scroll of silence
 g - a scroll of identify
 i - a scroll of fog {unknown}
Potions
 b - a potion of magic
 e - a potion of might {unknown}
 k - a potion of heal wounds


   Skills:
 - Level 0.1 Fighting
 + Level 2.6 Polearms
 - Level 2.2 Dodging
 - Level 1.5 Stealth
 - Level 1.3 Spellcasting
 - Level 0.6 Conjurations
 - Level 2.1 Alchemy


You had 2 spell levels left.
You knew the following spells:

 Your Spells              Type           Power      Damage    Failure   Level
a - Sting                 Conj/Alch      16%        1d4       17%         1

Your spell library contained the following spells:

 Spells                   Type           Power      Damage    Failure   Level
 Mercury Vapours          Alch/Air       6%         N/A       28%         2
 Static Discharge         Conj/Air       2%         3-4/arc   36%         2
 Mephitic Cloud           Conj/Alch/Air  3%         N/A       52%         3
 Dazzling Flash           Conj/Hex       2%         N/A       61%         3
 Olgreb's Toxic Radiance  Alch           6%         N/A       75%         4
 Sticky Flame             Fire/Alch      3%         2d4       88%         4
 Irradiate                Conj/Alch      2%         3d12      99%         5
 Shatter                  Erth           0%         3d5*      100%        9


Dungeon Overview and Level Annotations

Branches:
Dungeon (2/15)

Altars:

Annotations:
D:2 Natasha


Innate Abilities, Weirdness & Mutations

You have a pair of horns on your head.
You reflexively headbutt those who attack you in melee.


Message History

The giant cockroach bites you.
You closely miss Natasha. Natasha claws you but does no damage.
The giant cockroach closely misses you. Natasha misses you.
The giant cockroach barely misses you.
Natasha mumbles some strange words.
The giant cockroach closely misses you. You furiously retaliate!
You headbutt the giant cockroach.
Unknown command.
It was a potion of heal wounds.
You feel much better. The goblin barely misses you.
The giant cockroach bites you. Natasha barely misses you.
As you read the scroll labelled QIREUD FIMM, it crumbles to dust.
It is a scroll of identify.
f - a scroll of silence The giant cockroach barely misses you.
The goblin hits you with a +0 dagger of draining.
You feel drained. The cerulean imp barely misses you.
Natasha completely misses you. The giant cockroach closely misses you.
You furiously retaliate!
You headbutt the giant cockroach.
The goblin hits you with a +0 dagger of draining.
You feel drained.
The cerulean imp hits you from afar with a +1 spear.
Natasha mumbles some strange words.
You feel disoriented. Natasha casts a spell at you. The magic dart hits you!
You hit Natasha.
Natasha is moderately wounded.
The giant cockroach closely misses you.
The goblin hits you with a +0 dagger of draining.
You feel drained.
The cerulean imp hits you from afar with a +1 spear.
Natasha claws you but does no damage. The giant cockroach bites you.
* * * LOW HITPOINT WARNING * * *
The goblin hits you but does no damage.
You feel drained. The cerulean imp closely misses you.
Natasha stares at you and mumbles some strange words.
The magic dart hits you!
You die...
Natasha curls up and begins to purr.

##########
.........#
.........# .#
.........# .#
......!..####..#
............#..##
..$.....B##.....
......5h@##.#.##
.......g.......#
............##.#
###.####.#.<# ...
#.#..# ... #.#.<#
.. #..... ###....
#.####


You could see Natasha, a cerulean imp (summoned), a giant cockroach and a
goblin.

Vanquished Creatures
  A dart slug (D:1)
  3 ball pythons (D:1)
  An endoplasm (D:1)
  2 giant cockroaches (D:1)
  A goblin (D:1)
  2 hobgoblins (D:1)
  2 bats (D:1)
  A frilled lizard (D:1)
  3 rats (D:1)
16 creatures vanquished.

Notes
Turn   | Place    | Note
-------+----------+-------------------------------------------
     0 | D:1      | jt the Minotaur Alchemist began the quest for the Orb.
     0 | D:1      | Reached XP level 1. HP: 14/14 MP: 1/1
   192 | D:1      | Reached skill level 1 in Polearms
   267 | D:1      | Reached XP level 2. HP: 19/20 MP: 3/3
   377 | D:1      | Got the Tome of Coarse Bruises
   869 | D:2      | Noticed Natasha
   878 | D:2      | Killed from afar by Natasha

Illustrated notes

Levels and vault maps discovered:
D:1:      minmay_arrival_up_and_down, layout_loops_ring, serial_park_tiny_1,
          corexii_leaking_fountain, minmay_pentomino_t2
D:2:      cheibrodos_greedy_goblins, layout_loops_cross,
          shapermc_ecumenical_altar_starsandcircs,
          nicolae_kite_square_tiling_tiny, uniq_terence, uniq_natasha

Skill      XL: |  1 |
---------------+----+-----
Polearms       | 2 |  2.6
Fighting       | |  0.1
Dodging        | |  2.2
Stealth        | |  1.5
Spellcasting   | |  1.3
Conjurations   | |  0.6
Alchemy        | |  2.1

Action                     || total
---------------------------++-------
  Melee: Spear             ||    32
         Headbutt          ||     1
   Cast: Sting             ||     4
    Use: Scroll            ||     1
         Potion            ||     1
   Stab: Sleeping          ||     4
 Armour: Robe              ||    30
  Dodge: Dodged            ||    24

Table legend: (Time is in decaauts)
 A = Elapsed time spent in this place.
 B = Non-inter-level travel time spent in this place.
 C = Inter-level travel time spent in this place.
 D = Time resting spent in this place.
 E = Time spent auto-exploring this place.
 F = Levels seen in this place.
 G = Mean time per level.
                   A        B        C        D        E       F      G
               +--------+--------+--------+--------+--------+-----+--------+
         Total |    898 |    837 |     61 |     71 |    577 |   2 |  449.0 |
       Dungeon |    898 |    837 |     61 |     71 |    577 |   2 |  449.0 |
               +--------+--------+--------+--------+--------+-----+--------+

Top non-repeatable levels by time:
     D:1: 880 daAuts
     D:2: 17 daAuts
